 Dungeon Crawl Stone Soup version 0.20.1-1-g8b1a95d (console) character file.

7459 hilaritas the Basher (level 10, -1/89 HPs)
             Began as a Demigod Fighter on Dec 28, 2017.
             Slain by a black bear (6 damage)
             ... on level 10 of the Dungeon.
             The game lasted 00:31:25 (10516 turns).

hilaritas the Basher (Demigod Fighter)             Turns: 10516, Time: 00:31:27

Health: -1/89      AC: 15    Str: 30    XL:     10   Next: 63%
Magic:  0/22       EV:  7    Int: 12    God:
Gold:   384        SH: 13    Dex: 15    Spells: 9/9 levels left

rFire    + . .     SeeInvis .   B - +6 mace (protect)
rCold    . . .     Gourm    .   c - +0 shield
rNeg     . . .     Faith    .   y - +0 chain mail
rPois    .         Spirit   +   o - +0 helmet
rElec    .         Reflect  .   s - +0 cloak
rCorr    .         Harm     .   b - +1 pair of gloves {archery}
MR       +....                  u - +0 pair of boots
Stlth    ..........             x - amulet of guardian spirit
Regen    0.3/turn               n - ring of protection from fire
MPRegen  0.2/turn               v - ring of magical power

@: mighty, slowed, very slow
A: high mp 1
a: no special abilities


You were on level 10 of the Dungeon.
You were not hungry.

You visited 1 branch of the dungeon, and saw 10 of its levels.

You collected 570 gold pieces.
You spent 186 gold pieces at shops.

Inventory:

Hand Weapons
 a - a +2 flail of freezing
 B - a +6 mace of protection (weapon)
Armour
 b - a +1 pair of gloves of archery (worn)
 c - a +0 shield (worn)
 o - a +0 helmet (worn)
 s - a +0 cloak (worn)
 u - a +0 pair of boots (worn)
 y - a +0 chain mail (worn)
Jewellery
 n - a ring of protection from fire (left hand)
 v - a ring of magical power (right hand)
 x - an amulet of guardian spirit (around neck)
 A - an uncursed ring of magical power
 C - an uncursed ring of protection from fire
Wands
 k - a wand of scattershot (0/9)
 w - a wand of flame (17/48)
 E - a wand of confusion (15/48)
 H - a wand of scattershot (4/9)
 I - a wand of polymorph (14/24)
 K - a wand of flame (12/48)
 R - a wand of lightning (13/15)
Scrolls
 g - 3 scrolls of recharging
 h - 5 scrolls of enchant armour
 l - 5 scrolls of remove curse
 r - 2 scrolls of fog
 t - 4 scrolls of identify
 D - 3 scrolls of teleportation
 L - a scroll of blinking
 M - a scroll of enchant weapon
 N - a scroll of amnesia
Potions
 e - 2 potions of brilliance
 i - 3 potions of heal wounds
 m - a potion of berserk rage {unknown}
 p - a potion of ambrosia {unknown}
 z - 3 potions of curing
 F - a potion of lignification {unknown}
 J - a potion of agility {unknown}
 O - a potion of cancellation {unknown}
 Q - a potion of mutation {unknown}
Comestibles
 f - 7 bread rations
 j - 3 royal jellies
 q - 4 meat rations
 G - 23 fruits
 P - 2 chunks of flesh


   Skills:
 * Level 8.3 Fighting
 - Level 10.0 Maces & Flails
 + Level 4.5 Armour
 + Level 8.8 Shields


You had 9 spell levels left.
You didn't know any spells.

Dungeon Overview and Level Annotations

Branches:
Dungeon (10/15)            Temple (0/1) D:5             Orc (0/2) D:10
   Lair: D:8-11

Shops:
D:4 ??   D:9 :

Annotations:
D:8 exclusion: ice statue
D:10 Snorg, Sonja


Innate Abilities, Weirdness & Mutations

You have an increased reservoir of magic. (+10% MP)


Message History

You have difficulty breathing.
* * * LOW HITPOINT WARNING * * *
You feel yourself slow down. Snorg bites you but does no damage.
Snorg claws you.
* * * LOW HITPOINT WARNING * * *
You block Snorg's attack. x2; Snorg claws you.
* * * LOW HITPOINT WARNING * * *
Snorg claws you but does no damage.
Sonja casts a spell.
Sonja blinks!
An orc comes into view.
You see here a curare-tipped needle.
You feel better. Snorg bites you but does no damage. Snorg claws you!
* * * LOW HITPOINT WARNING * * *
Snorg claws you but does no damage. The black bear bites you.
* * * LOW HITPOINT WARNING * * *
The black bear claws you but does no damage.
You block the black bear's attack.
Sonja moves out of view.
The black bear bites you.
You die...

## .# .# ########### .#
#.........####### <#
#.........#.....#
.####..>......#.....#
....................#
..............#.....#
...................##
#...............@..#
########.#######hT.....#
#.# ##.####.# #.# #...
#. #.#o #.#.# ... # ...


You could see Snorg (berserk), a black bear and an orc.

Vanquished Creatures
  A hydra (D:8)
  A two-headed ogre (D:8)
  The ghost of p0werm0de the Cleaver, a novice DDFi of Makhleb (D:8)
  A troll (D:9)
  A hornet (D:9)
  Sigmund (D:6)
  3 yaks (D:9)
  A wyvern (D:9)
  A hungry ghost (D:8)
  An orc warrior (D:9)
  3 black bears
  3 ice beasts
  3 sky beasts
  3 necrophages
  A phantom (D:8)
  An eye of draining (D:8)
  4 ogres
  2 big kobolds (D:8)
  6 bullfrogs
  A water moccasin skeleton (D:6)
  2 scorpions
  11 killer bees
  A howler monkey (D:6)
  9 wights
  2 crimson imps (D:6)
  A bullfrog zombie (D:7)
  A centaur zombie (D:6)
  3 jellies
  A quasit (D:9)
  A centaur skeleton (D:5)
  4 hounds
  Crazy Yiuf (D:6)
  An orc priest (D:9)
  3 iguanas
  2 orc wizards (D:8)
  8 worker ants
  A howler monkey zombie (D:9)
  Robin (D:2)
  3 gnolls (D:3)
  9 adders
  2 shadow imps
  3 oozes
  2 adder skeletons
  3 worms
  2 dart slugs
  7 leopard geckos
  22 orcs
  2 ball pythons
  3 bats
  13 giant cockroaches
  14 hobgoblins
  3 jackals (D:5)
  12 kobolds
  3 quokkas
  6 frilled lizards
  13 goblins
  A jackal skeleton (D:4)
  A leopard gecko skeleton (D:6)
  5 rats
221 creatures vanquished.

Notes
Turn   | Place    | Note
-------+----------+-------------------------------------------
     0 | D:1      | hilaritas the Demigod Fighter began the quest for the Orb.
     0 | D:1      | Reached XP level 1. HP: 18/18 MP: 3/3
    86 | D:1      | Reached skill level 2 in Maces & Flails
   121 | D:1      | Reached XP level 2. HP: 15/25 MP: 4/4
   858 | D:1      | Reached XP level 3. HP: 31/31 MP: 5/5
  1281 | D:2      | Reached skill level 3 in Maces & Flails
  1290 | D:2      | Noticed Robin
  1314 | D:2      | Killed Robin
  1327 | D:2      | HP: 3/31 [hobgoblin/club[Robin] (4)]
  1623 | D:2      | Reached XP level 4. HP: 38/38 MP: 6/6
  3210 | D:3      | Found a shadowy altar of Dithmenos.
  3213 | D:3      | Found a snail-covered altar of Cheibriados.
  3216 | D:3      | Found a shattered altar of Ashenzari.
  3219 | D:3      | Found a sparkling altar of Nemelex Xobeh.
  3376 | D:4      | Found Gevezosu's Magic Scroll Emporium.
  3381 | D:4      | Reached skill level 4 in Maces & Flails
  3419 | D:4      | Reached XP level 5. HP: 29/45 MP: 7/7
  3587 | D:4      | Found Ikug's Magic Scroll Shop.
  3631 | D:4      | Bought a scroll of recharging for 104 gold pieces
  3631 | D:4      | Bought a scroll of enchant armour for 82 gold pieces
  4244 | D:5      | Entered Level 5 of the Dungeon
  4394 | D:5      | Noticed an ogre
  4399 | D:5      | Killed an ogre
  4544 | D:5      | Reached skill level 5 in Maces & Flails
  4544 | D:5      | Reached XP level 6. HP: 46/51 MP: 8/8
  4545 | D:5      | Found a staircase to the Ecumenical Temple.
  4799 | D:5      | Reached skill level 6 in Maces & Flails
  5261 | D:5      | Found a deep blue altar of Sif Muna.
  5622 | D:6      | Reached XP level 7. HP: 57/58 MP: 9/9
  5714 | D:6      | Found a runed door.
  5757 | D:6      | Noticed Sigmund
  5771 | D:6      | Killed Sigmund
  5771 | D:6      | Reached skill level 7 in Maces & Flails
  6101 | D:6      | Reached XP level 8. HP: 66/66 MP: 10/10
  6154 | D:6      | Reached skill level 8 in Maces & Flails
  6633 | D:6      | Noticed Crazy Yiuf
  6647 | D:6      | Killed Crazy Yiuf
  6991 | D:7      | Reached skill level 9 in Maces & Flails
  6991 | D:7      | Reached skill level 5 in Shields
  7467 | D:7      | Reached XP level 9. HP: 71/72 MP: 11/11
  7669 | D:8      | Found an ancient bone altar of Kikubaaqudgha.
  7671 | D:8      | Found a blossoming altar of Fedhas.
  7719 | D:8      | Noticed an ice statue
  7740 | D:8      | Reached skill level 10 in Maces & Flails
  7763 | D:8      | Reached skill level 5 in Fighting
  7898 | D:8      | Noticed an eight-headed hydra
  7902 | D:8      | Killed an eight-headed hydra
  8026 | D:8      | Found a shimmering altar of Xom.
  8027 | D:8      | Found a shimmering altar of Xom.
  8030 | D:8      | Found a shimmering altar of Xom.
  8030 | D:8      | Found a shimmering altar of Xom.
  8030 | D:8      | Found a shimmering altar of Xom.
  8030 | D:8      | Found a shimmering altar of Xom.
  8031 | D:8      | Found a shimmering altar of Xom.
  8371 | D:8      | Noticed a two-headed ogre
  8380 | D:8      | Killed a two-headed ogre
  8683 | D:8      | Reached XP level 10. HP: 72/84 MP: 13/13
  8772 | D:8      | Noticed p0werm0de's ghost (novice DDFi)
  8810 | D:8      | Killed p0werm0de's ghost
 10318 | D:9      | Found Xokkut's Book Shoppe.
 10475 | D:10     | Entered Level 10 of the Dungeon
 10487 | D:10     | Found a staircase to the Orcish Mines.
 10508 | D:10     | Noticed Snorg
 10510 | D:10     | Noticed Sonja
 10515 | D:10     | HP: 8/89 [Snorg (4)]
 10516 | D:10     | Slain by a black bear

Skill      XL: |  1  2  3  4  5  6  7  8  9 10 |
---------------+-------------------------------+-----
Maces & Flails | 2 3 4 5 6 7 9 10 | 10.0
Shields        | 3 4 5 7 8 |  8.8
Fighting       | 3 4 6 8 |  8.3
Armour         | 3 4 |  4.5

Action                   |  1- 3 |  4- 6 |  7- 9 | 10-12 || total
-------------------------+-------+-------+-------+-------++-------
Melee: Flail             |   160 |   289 |    88 |       ||   537
       Mace              |       |       |   284 |   231 ||   515
Evoke: Wand              |       |       |     4 |     1 ||     5
  Use: Scroll            |       |     8 |     6 |     3 ||    17
       Potion            |       |       |       |     2 ||     2
  Eat: Chunk             |     2 |    12 |    10 |     5 ||    29
       Fruit             |       |     2 |     1 |     3 ||     6
Armor: Scale mail        |    54 |   117 |       |       ||   171
       Chain mail        |       |     1 |   159 |   126 ||   286
Dodge: Dodged            |    36 |    85 |    52 |    36 ||   209
Block: Shield            |    88 |   134 |   164 |   133 ||   519
